 Dungeon Crawl Stone Soup version 0.18.1-1-g2f07953 (webtiles) character file.

121974 MDvedh the Bludgeoner (level 16, -2/103 HPs)
             Began as a Gargoyle Gladiator on May 7, 2016.
             Was the Champion of Okawaru.
             Slain by a merfolk impaler
             ... wielding a +1 trident of venom
              (14 damage)
             ... on level 3 of the Shoals.
             The game lasted 00:53:16 (27570 turns).

MDvedh the Bludgeoner (Gargoyle Gladiator)         Turns: 27570, Time: 00:53:17

Health: -2/103     AC: 47    Str: 27    XL:     16   Next: 86%
Magic:  28/28      EV: 17    Int:  6    God:    Okawaru [******]
Gold:   1468       SH: 19    Dex: 13    Spells: 0 memorised, 15 levels left

rFire  . . .     SeeInvis .     g - +5 eveningstar (drain)
rCold  + . .     Gourm    .     Z - +8 chain mail of the Onion {MP+9 Str+3 Int-4 Dex+2}
rNeg   + + .     Faith    .     u - +3 shield
rPois  ∞         Spirit   .     J - +2 helmet
rElec  +         Dismiss  .     I - +2 cloak
rCorr  .         Reflect  .     c - +2 pair of gloves
SustAt .         Harm     .     T - +0 pair of boots {Stlth+}
MR     +....                    U - amulet of regeneration
Stlth  ..........               i - ring of positive energy
                                y - ring of protection from cold

@: about to teleport, heroism, flying, somewhat resistant to hostile
enchantments, extremely unstealthy
A: big wings, low mp 1, negative energy resistance 1, electricity resistance,
unbreathing, petrification resistance, rot immunity, AC +11
a: Stop Flying, Heroism, Finesse, Renounce Religion


You were on level 3 of the Shoals.
You worshipped Okawaru.
Okawaru was exalted by your worship.
You were not hungry.

You visited 4 branches of the dungeon, and saw 28 of its levels.

You collected 2315 gold pieces.
You spent 847 gold pieces at shops.

Inventory:

Hand Weapons
 g - a +5 eveningstar of draining (weapon)
 m - a +3 flail of holy wrath
Missiles
 d - 8 throwing nets (quivered)
Armour
 c - a +2 pair of gloves (worn)
 u - a +3 shield (worn)
 I - a +2 cloak (worn)
 J - a +2 helmet (worn)
 T - a +0 pair of boots of stealth (worn)
 Z - the +8 chain mail of the Onion (worn) {MP+9 Str+3 Int-4 Dex+2}
   (Okawaru gifted it to you on level 15 of the Dungeon)

   It affects your strength (+3).
   It affects your intelligence (-4).
   It affects your dexterity (+2).
   It affects your magic capacity (+9).
Jewellery
 f - a +4 amulet of reflection
 i - a ring of positive energy (right hand)
 y - a ring of protection from cold (left hand)
 z - an uncursed amulet of rage
 U - an amulet of regeneration (around neck)
 W - an uncursed ring of protection from cold
Wands
 a - a wand of flame (27/48)
 k - a wand of iceblast (11/15)
 q - a wand of teleportation (4/9)
 r - a wand of flame (8/48)
 t - a wand of acid (5/15)
 G - a wand of teleportation (2/9)
 M - a wand of digging (6/24)
 R - a wand of digging (17/24)
 Y - a wand of teleportation (7/9)
Scrolls
 h - 7 scrolls of remove curse
 o - 4 scrolls of amnesia
 p - 3 scrolls of magic mapping
 v - 7 scrolls of teleportation
 B - 5 scrolls of enchant armour
 E - 4 scrolls of enchant weapon
 F - a scroll of fog
 V - 3 scrolls of blinking
 X - 2 scrolls of fear
Potions
 b - a potion of cancellation
 e - 5 potions of curing
 j - 9 potions of heal wounds
 l - 4 potions of haste
 n - 7 potions of lignification
 s - a potion of brilliance
 H - 3 potions of magic
 K - 5 potions of might
 L - 6 potions of resistance
 O - 3 potions of agility
 P - a potion of invisibility
Comestibles
 x - a slice of pizza
 A - a beef jerky
 C - 17 royal jellies
 D - 5 bread rations
 N - 7 meat rations
 Q - 10 fruits


   Skills:
 + Level 12.8(17.8) Fighting
 + Level 16.7(21.7) Maces & Flails
 - Level 1.7(6.7) Throwing
 + Level 13.0(18.0) Armour
 + Level 10.4(15.4) Dodging
 + Level 13.0(18.0) Shields
 - Level 7.0 Invocations


You had 15 spell levels left.
You didn't know any spells.

Dungeon Overview and Level Annotations

Branches:
Dungeon (15/15)            Temple (0/1) D:5            Lair (8/8) D:11
 Shoals (3/4) Lair:3        Snake (0/4) Lair:4        Slime (0/6) Lair:7
    Orc (2/2) D:11            Elf (0/3) Orc:2        Vaults (0/5) D:13
 Depths (0/5) D:15

Altars:
Ashenzari
Cheibriados
Fedhas
Gozag
Okawaru
Pakellas
Qazlal
Ru
Trog
Yredelemnul
Jiyva

Shops:
D:6 :   D:7 *   D:14 [   Orc:2 *?}?([?   Shoals:1 [   Shoals:2 [

Annotations:
Lair:5 exclusion: oklob plant


Innate Abilities, Weirdness & Mutations

You are resistant to torment.
Your stone body is resilient (AC +11).
You are immune to poison.
Your large and strong wings let you fly indefinitely.
You resist negative energy.
You are resistant to electric shocks.
You can survive without breathing.
You are immune to petrification.
You are immune to rotting.
Your magical capacity is low (-10% MP).


Message History

The manticore misses you. You block the manticore's attack.
You block the water elemental's attack. The merfolk impaler misses you.
You block the merfolk's attack.
The merfolk impaler hits you from afar with a trident of venom.
Unknown command.
You thump the manticore!
The manticore is moderately wounded.
The manticore bites you! You block the manticore's attack.
The manticore claws you but does no damage.
You block the water elemental's attack. The merfolk impaler barely misses you.
Unknown command.
You thump the manticore!
The manticore is heavily wounded.
The merfolk hits you from afar with a trident!!
* * * LOW HITPOINT WARNING * * *
The manticore bites you but does no damage.
You block the manticore's attack. The manticore completely misses you.
The water elemental hits you.
The merfolk impaler hits you from afar with a trident of venom!
You die...

≈≈ ....#.....<≈≈≈≈≈≈≈.≈
≈≈m .........≈≈≈≈≈≈≈≈..
≈..# #..##..≈≈≈≈≈≈≈≈≈≈≈
≈≈..##...##..≈≈≈≈≈≈≈≈≈≈
≈≈......H....H≈≈≈≈..≈.≈
≈≈.....c.m.≈≈...≈≈≈≈≈..
≈≈....mmm.(mY≈≈≈≈≈≈≈≈≈.
≈≈≈...HE#.m(≈≈≈(≈≈≈..≈≈
≈≈≈....@##mCY≈≈≈≈≈≈≈.≈≈
≈≈≈...####...<≈≈≈≈≈...≈
≈≈≈≈.. ####.≈≈≈≈≈....
≈≈≈≈. #.≈≈≈≈≈.... ≈≈≈≈.
...≈≈≈≈.... ≈≈≈≈
.....≈≈≈.... ≈≈≈≈
≈...>........
...........#
......≈...#


You could see a merfolk impaler, a griffon, a satyr, a merfolk aquamancer, 3
merfolk, a manticore and a water elemental.

Vanquished Creatures
  Donald (Shoals:1)
  Josephine (D:11)
  A merfolk impaler (Shoals:1)
  Fannar (D:11)
  4 hydras
  3 merfolk avatars
  6 centaur warriors
  2 ogre magi (Orc:2)
  Erica (Lair:1)
  An alligator snapping turtle (Shoals:1)
  10 death yaks
  A satyr (Shoals:2)
  The ghost of CcS the Severer, a novice MiBe of Trog (Lair:4)
  3 skeletal warriors (D:15)
  5 sea snakes
  2 unseen horrors
  2 deep trolls (Orc:2)
  A shadow dragon zombie (D:15)
  A phantasmal warrior (D:15)
  A wolf spider zombie (D:15)
  A necromancer (D:15)
  A lindwurm (Lair:8)
  10 hill giants
  A deep elf mage (D:15)
  A golden dragon skeleton (D:15)
  An orc knight (D:15)
  13 harpies
  3 orc sorcerers
  A griffon (Shoals:2)
  7 fauns
  11 ugly things
  A manticore (D:12)
  A frost giant zombie (D:15)
  5 cyclopes
  6 elephants (Lair:8)
  3 water nymphs (Shoals:1)
  3 sirens
  5 black mambas
  13 spiny frogs
  A gargoyle (D:12)
  A freezing wraith (D:15)
  3 rime drakes
  8 komodo dragons
  14 trolls
  3 giant leeches (Lair:8)
  A polar bear (Lair:4)
  A queen bee (D:14)
  6 merfolk
  A snapping turtle (Shoals:1)
  8 two-headed ogres
  39 blink frogs
  14 slime creatures
  A fire dragon zombie (D:15)
  A boulder beetle (Lair:8)
  3 shadows
  A spriggan (Lair:4)
  A water elemental (Shoals:2)
  A tarantella (shapeshifter) (D:13)
  7 wraiths
  A vampire (D:13)
  4 wyverns
  48 yaks
  4 basilisks
  2 steam dragons
  Grum (D:14)
  15 hippogriffs
  2 wargs
  14 vampire mosquitoes
  4 hungry ghosts
  2 mottled dragons
  Edmund (D:4)
  3 nagas (Lair:4)
  A soldier ant (shapeshifter) (D:13)
  16 water moccasins
  19 porcupines
  A swamp drake (D:11)
  A hornet simulacrum (D:14)
  3 ice beasts
  12 orc warriors
  4 black bears
  An eye of draining (shapeshifter) (D:13)
  3 sky beasts
  23 ogres
  2 necrophages (D:8)
  11 wolves
  A phantom (D:7)
  18 centaurs
  18 crocodiles
  A big kobold (D:12)
  32 giant frogs
  2 wyvern skeletons
  9 scorpions
  49 killer bees
  3 wights (D:13)
  8 howler monkeys
  3 electric eels
  6 crimson imps
  3 jellies
  5 centaur zombies
  3 giant frog zombies
  8 hounds
  A quasit (D:6)
  6 centaur skeletons
  14 orc priests
  26 orc wizards
  A giant frog skeleton (D:13)
  7 iguanas
  Natasha (thrice) (D:2)
  13 worker ants
  31 sheep
  6 hound skeletons
  A worker ant zombie (D:7)
  10 gnolls
  2 howler monkey skeletons
  17 adders
  71 river rats
  4 shadow imps
  2 worms
  A dart slug (D:2)
  10 giant geckos
  61 orcs
  2 ball pythons
  3 giant cockroaches
  7 goblins
  8 hobgoblins
  5 jackals (D:2)
  9 quokkas
  8 bats
  A giant gecko zombie (D:6)
  4 giant newts
  15 kobolds
  6 rats
  A fungus (Lair:7)
  A plant (Shoals:2)
974 creatures vanquished.

Vanquished Creatures (others)
  A deep elf knight (D:6)
  2 ogres
  5 fungi
  12 plants
20 creatures vanquished.

Grand Total: 994 creatures vanquished

Notes
Turn   | Place    | Note
--------------------------------------------------------------
     0 | D:1      | MDvedh the Gargoyle Gladiator began the quest for the Orb.
     0 | D:1      | Reached XP level 1. HP: 12/12 MP: 1/1
   283 | D:1      | Reached XP level 2. HP: 17/17 MP: 2/2
   298 | D:1      | Found a shattered altar of Ashenzari.
   487 | D:2      | Reached skill level 4 in Maces & Flails
   531 | D:2      | Noticed Natasha
   534 | D:2      | Noticed a crimson imp
   537 | D:2      | Noticed a crimson imp
   538 | D:2      | Killed Natasha
   538 | D:2      | Reached XP level 3. HP: 20/21 MP: 3/3
   586 | D:2      | Reached XP level 4. HP: 23/26 MP: 4/4
   600 | D:2      | Noticed Natasha
   626 | D:2      | Killed Natasha
   626 | D:2      | Reached skill level 5 in Maces & Flails
   943 | D:2      | Noticed Natasha
   949 | D:2      | Killed Natasha
   949 | D:2      | Reached XP level 5. HP: 24/30 MP: 5/5
  1235 | D:2      | Found a blossoming altar of Fedhas.
  1992 | D:3      | Reached skill level 6 in Maces & Flails
  2165 | D:3      | Found a snail-covered altar of Cheibriados.
  2343 | D:4      | Reached XP level 6. HP: 30/35 MP: 6/6
  2416 | D:4      | Noticed Edmund
  2438 | D:4      | Killed Edmund
  2438 | D:4      | Reached skill level 7 in Maces & Flails
  2589 | D:4      | Found a stormy altar of Qazlal.
  2590 | D:4      | Found a basalt altar of Yredelemnul.
  3000 | D:4      | Reached XP level 7. HP: 40/40 MP: 7/7
  3066 | D:5      | Entered Level 5 of the Dungeon
  3078 | D:5      | Reached skill level 8 in Maces & Flails
  3100 | D:5      | Found a bloodstained altar of Trog.
  3102 | D:5      | Found an opulent altar of Gozag.
  3292 | D:5      | Found a sacrificial altar of Ru.
  3294 | D:5      | Found an iron altar of Okawaru.
  3319 | D:5      | Reached skill level 9 in Maces & Flails
  3342 | D:5      | Reached XP level 8. HP: 35/44 MP: 8/8
  3569 | D:5      | Reached skill level 10 in Maces & Flails
  3812 | D:5      | Found an iron altar of Okawaru.
  3826 | D:5      | Became a worshipper of Warmaster Okawaru
  3933 | D:5      | Found a staircase to the Ecumenical Temple.
  4215 | D:6      | Found Sihuohats's Book Shoppe.
  4332 | D:6      | Reached skill level 11 in Maces & Flails
  4647 | D:6      | Reached XP level 9. HP: 48/48 MP: 9/9
  4951 | D:6      | Found an oddly glowing altar of Pakellas.
  4952 | D:6      | Noticed a deep elf knight
  4955 | D:6      | Killed a deep elf knight
  5006 | D:6      | Reached * piety under Okawaru
  5543 | D:7      | Reached skill level 12 in Maces & Flails
  6005 | D:7      | Noticed a hill giant
  6301 | D:7      | Killed a hill giant
  6301 | D:7      | Reached ** piety under Okawaru
  6301 | D:7      | Reached skill level 13 in Maces & Flails
  6499 | D:7      | Found Liuran's Assorted Antiques.
  6525 | D:7      | Bought a runed helmet for 99 gold pieces
  6525 | D:7      | Bought a scroll labeled BIENOTUHIO for 22 gold pieces
  6525 | D:7      | Bought a glowing emerald potion for 19 gold pieces
  6755 | D:7      | Reached XP level 10. HP: 51/53 MP: 10/10
  7442 | D:8      | Reached skill level 14 in Maces & Flails
  7473 | D:8      | Found a sacrificial altar of Ru.
  7608 | D:8      | Reached *** piety under Okawaru
  7608 | D:8      | Reached skill level 1 in Armour
  7608 | D:8      | Reached skill level 1 in Shields
  8318 | D:9      | Noticed a hill giant
  8332 | D:9      | Killed a hill giant
  8799 | D:10     | Entered Level 10 of the Dungeon
  8888 | D:10     | Reached **** piety under Okawaru
  8925 | D:10     | Noticed a hill giant
  8942 | D:10     | Killed a hill giant
  8942 | D:10     | Reached skill level 5 in Armour
  8942 | D:10     | Reached skill level 5 in Shields
  9343 | D:10     | Reached XP level 11. HP: 57/57 MP: 11/11
  9612 | D:10     | Killed an unseen horror
  9986 | D:11     | Found a staircase to the Lair.
 10215 | D:11     | Killed an unseen horror
 10215 | D:11     | Reached ***** piety under Okawaru
 10381 | D:11     | Gained mutation: You are dopey. (Int -2) [mutagenic meat]
 10382 | D:11     | Gained mutation: You are occasionally teleported next to monsters. [mutagenic meat]
 10387 | D:11     | Gained mutation: Your body sometimes deteriorates upon taking damage. [mutagenic meat]
 10388 | D:11     | Gained mutation: Your magical capacity is low (-10% MP). [mutagenic meat]
 10396 | D:11     | Found a staircase to the Orcish Mines.
 10410 | D:11     | Reached skill level 1 in Invocations
 10411 | D:11     | Noticed a cyclops
 10457 | D:11     | Killed a cyclops
 10486 | D:11     | Noticed a cyclops
 10505 | D:11     | Killed a cyclops
 10619 | D:11     | Lost mutation: Your body sometimes deteriorates upon taking damage. [potion of cure mutation]
 10619 | D:11     | Lost mutation: You are dopey. (Int -2) [potion of cure mutation]
 10619 | D:11     | Lost mutation: You are occasionally teleported next to monsters. [potion of cure mutation]
 11003 | Lair:1   | Entered Level 1 of the Lair of Beasts
 11157 | Lair:1   | Received a gift from Okawaru
 11162 | Lair:1   | Reached skill level 5 in Invocations
 11386 | Lair:1   | Reached XP level 12. HP: 51/62 MP: 14/14
 11528 | Lair:1   | Noticed Erica
 11621 | Lair:1   | Killed Erica
 12432 | Lair:2   | Noticed a four-headed hydra
 12445 | Lair:2   | Killed a one-headed hydra
 12445 | Lair:2   | Received a gift from Okawaru
 12457 | Lair:2   | Got an ancient chain mail {god gift}
 12468 | Lair:2   | Identified the +5 chain mail of the Meadowlark {rCorr Str+4 Int+4} (Okawaru gifted it to you on level 2 of the Lair of Beasts)
 13319 | Lair:2   | Reached skill level 10 in Armour
 13332 | Lair:2   | Reached skill level 10 in Shields
 13491 | Lair:3   | Found a staircase to the Shoals.
 14285 | Lair:4   | Noticed CcS's ghost (novice MiBe)
 14310 | Lair:4   | Killed CcS's ghost
 14310 | Lair:4   | Reached skill level 5 in Fighting
 14392 | Lair:4   | Reached XP level 13. HP: 72/73 MP: 13/16
 14453 | Lair:4   | Reached skill level 5 in Dodging
 14654 | Lair:4   | Received a gift from Okawaru
 14699 | Lair:4   | Found a staircase to the Snake Pit.
 16820 | Lair:6   | Got a jewelled ring mail
 16831 | Lair:6   | Identified the cursed +1 ring mail "Xexur" {rC+} (You found it on level 6 of the Lair of Beasts)
 17036 | Lair:6   | Received a gift from Okawaru
 17949 | Lair:7   | Reached skill level 10 in Fighting
 18015 | Lair:7   | Gained mutation: Your large and strong wings let you fly indefinitely. [Gargoyle growth]
 18015 | Lair:7   | Reached XP level 14. HP: 88/88 MP: 17/17
 18109 | Lair:7   | Received a gift from Okawaru
 18321 | Lair:7   | Found a viscous altar of Jiyva.
 18321 | Lair:7   | Found a staircase to the Slime Pits.
 18861 | Lair:8   | Entered Level 8 of the Lair of Beasts
 19053 | Lair:8   | Reached ****** piety under Okawaru
 20448 | Orc:1    | Entered Level 1 of the Orcish Mines
 20448 | Orc:1    | Noticed Josephine
 20450 | Orc:1    | Noticed Fannar
 20652 | D:11     | Killed Fannar
 20665 | D:11     | Killed Josephine
 20825 | Orc:1    | Reached XP level 15. HP: 89/95 MP: 18/18
 20917 | Orc:2    | Entered Level 2 of the Orcish Mines
 20917 | Orc:2    | Found Viugi's Magic Scroll Emporium.
 20971 | Orc:2    | Bought a scroll of blinking for 90 gold pieces
 20971 | Orc:2    | Bought a scroll of teleportation for 36 gold pieces
 20971 | Orc:2    | Bought a scroll of identify for 24 gold pieces
 20971 | Orc:2    | Bought a scroll of teleportation for 36 gold pieces
 20971 | Orc:2    | Bought 2 scrolls of identify for 48 gold pieces
 21095 | Orc:2    | Found Fiown's Magic Scroll Boutique.
 21166 | Orc:2    | Received a gift from Okawaru
 21273 | Orc:2    | Found Saloa's Magic Scroll Shop.
 21274 | Orc:2    | Found Woarod's Assorted Antiques.
 21276 | Orc:2    | Bought a scroll of brand weapon for 260 gold pieces
 21285 | Orc:2    | Found Munom's Gadget Shop.
 21288 | Orc:2    | Bought a scroll labeled IREUZ NUOFFEUN GOL for 32 gold pieces
 21288 | Orc:2    | Bought a scroll labeled FAADEKHL PEAM for 32 gold pieces
 21308 | Orc:2    | Reached skill level 15 in Maces & Flails
 21331 | Orc:2    | Found a staircase to the Elven Halls.
 21359 | Orc:2    | Found Hocobi Ciwne's Antique Weapon Emporium.
 21392 | Orc:2    | Bought a scroll of identify for 32 gold pieces
 21598 | Orc:2    | Found Iphoskem's Antique Armour Boutique.
 21625 | Orc:2    | Bought a pair of runed gloves for 117 gold pieces
 22758 | D:13     | Received a gift from Okawaru
 22768 | D:13     | Got a bronze chain mail {god gift}
 22779 | D:13     | Identified the +3 chain mail of Reason {MR+ Int+2} (Okawaru gifted it to you on level 13 of the Dungeon)
 22841 | D:13     | Found a gate to the Vaults.
 23740 | D:14     | Noticed Grum
 23745 | D:14     | Killed Grum
 24361 | D:14     | Found Veune's Armour Shoppe.
 24493 | D:14     | You fall through a shaft!
 24493 | D:15     | Entered Level 15 of the Dungeon
 24677 | D:15     | Found a staircase to the Depths.
 24749 | D:15     | Reached XP level 16. HP: 90/101 MP: 19/19
 24769 | D:15     | Received a gift from Okawaru
 24788 | D:15     | Got an aquamarine-encrusted chain mail {god gift}
 24799 | D:15     | Identified the +8 chain mail of the Onion {MP+9 Str+3 Int-4 Dex+2} (Okawaru gifted it to you on level 15 of the Dungeon)
 24800 | D:15     | Identified a scroll of acquirement
 25021 | D:15     | Reached skill level 16 in Maces & Flails
 25314 | D:15     | Reached skill level 10 in Dodging
 25789 | Shoals:1 | Entered Level 1 of the Shoals
 26186 | Shoals:1 | Found Puosut's Armour Shoppe.
 26201 | Shoals:1 | Noticed Donald
 26239 | Shoals:1 | Killed Donald
 26358 | Shoals:1 | Identified the Catalogue of Venomous Translocation
 26740 | Shoals:2 | Received a gift from Okawaru
 26785 | Shoals:2 | Found Imuywk's Armour Shoppe.
 26880 | Shoals:2 | Received a gift from Okawaru
 27570 | Shoals:3 | Slain by a merfolk impaler

Skill      XL: |  1  2  3  4  5  6  7  8  9 10 11 12 13 14 15 16 |
---------------+-------------------------------------------------+-----
Maces & Flails | 4 5 6 7 9 11 13 14 15 16 | 16.7
Armour         | 5 8 10 11 12 13 | 13.0
Shields        | 5 8 10 11 12 13 | 13.0
Invocations    | 5 7 |  7.0
Fighting       | 5 10 11 12 | 12.8
Dodging        | 4 8 9 10 | 10.4
Throwing       | |  1.7

Action                   |  1- 3 |  4- 6 |  7- 9 | 10-12 | 13-15 | 16-18 || total
-------------------------+-------+-------+-------+-------+-------+-------++-------
Melee: Flail             |    56 |   315 |   556 |  1275 |  2668 |    35 ||  4905
       Scimitar          |       |       |       |     6 |     6 |       ||    12
       Eveningstar       |       |       |       |       |       |   470 ||   470
Invok: Heroism           |       |       |     2 |    12 |    15 |     3 ||    32
       Finesse           |       |       |       |       |     4 |       ||     4
 Abil: Fly               |       |       |       |       |     2 |     1 ||     3
       Stop Flying       |       |       |       |       |     2 |       ||     2
  Use: Scroll            |       |     7 |     5 |     6 |    13 |     4 ||    35
       Potion            |       |       |       |     4 |       |       ||     4
 Stab: Confused          |       |       |       |     1 |       |       ||     1
  Eat: Chunk             |       |     3 |     3 |    17 |    23 |     4 ||    50
       Bread ration      |       |     1 |     1 |       |       |       ||     2
       Meat ration       |       |       |     3 |       |       |       ||     3
       Beef jerky        |       |       |       |     4 |     7 |     1 ||    12
       Fruit             |       |       |       |     7 |       |       ||     7
       Pizza             |       |       |       |     1 |     4 |     4 ||     9
Armor: Leather armour    |    27 |    19 |       |       |       |       ||    46
       Plate armour      |       |   275 |   317 |   590 |       |       ||  1182
       Chain mail        |       |       |       |   120 |   905 |   298 ||  1323
Dodge: Dodged            |    37 |    95 |    50 |   169 |   660 |   251 ||  1262
Block: Shield            |       |   162 |   318 |   993 |  2276 |   541 ||  4290
       Reflection        |       |       |       |    14 |     9 |       ||    23
